 Dungeon Crawl Stone Soup version 0.28-a0-535-g6f645e4c1d (webtiles) character file.

Game seed: 12379017285241315643

11986 funkygono the Arsonist (level 11, -5/57 HPs)
             Began as a Gargoyle Fire Elementalist on Sept 26, 2021.
             Was a Priest of Vehumet.
             Killed from afar by an oklob plant (22 damage)
             ... with a splash of acid
             ... on level 2 of the Lair of Beasts.
             The game lasted 00:27:38 (12258 turns).

funkygono the Arsonist (GrFE)                      Turns: 12258, Time: 00:27:38

Health: -5/57      AC: 20    Str: 15    XL:     11   Next: 86%
Magic:  29/34      EV:  9    Int: 20    God:    Vehumet [***...]
Gold:   707        SH:  5    Dex:  5    Spells: 20/31 levels left

rFire   . . .      SeeInvis +   m - +6 mace of Blood-Lust {pain, rPois rC++ Str+4 Dex-5}
rCold   + + .      Faith    .   J - +0 kite shield
rNeg    + . .      Spirit   .   H - +1 steam dragon scales
rPois   ∞          Reflect  .   k - +1 helmet
rElec   +          Harm     .   (no cloak)
rCorr   .          Rampage  .   f - +2 pair of gloves
Will    .....                   (no boots)
Stlth   +.........              e - amulet of regeneration
HPRegen 1.19/turn               h - ring of see invisible
MPRegen 0.24/turn               i - ring of magical power

@: no status effects
A: sickness immunity, AC +8, negative energy resistance 1, electricity
resistance, torment resistance 1, petrification resistance
a: Renounce Religion


You were on level 2 of the Lair of Beasts.
You worshipped Vehumet.
Vehumet was most pleased with you.
You visited 3 branches of the dungeon, and saw 14 of its levels.
You also visited: Sewer.

You collected 707 gold pieces.

Inventory:

Hand Weapons
 m - the +6 mace of Blood-Lust (weapon) {pain, rPois rC++ Str+4 Dex-5}
   (You found it on level 4 of the Dungeon)

   In the hands of one skilled in necromantic magic, it inflicts extra damage on
   living creatures.
   Str:       It affects your strength (+4).
   Dex:       It affects your dexterity (-5).
   rC:        It greatly protects you from cold.
   rPois:     It protects you from poison.
 p - the +6 broad axe of Yloymat {vorpal, rElec Will- Str+4 Dex+2}
   (You found it on level 1 of the Lair of Beasts)

   It inflicts extra damage upon your enemies.
   Str:       It affects your strength (+4).
   Dex:       It affects your dexterity (+2).
   rElec:     It insulates you from electricity.
   Will:      It decreases your willpower.
 F - a +2 mace of holy wrath
Missiles
 c - 293 stones
Armour
 f - a +2 pair of gloves (worn)
 k - a +1 helmet (worn)
 H - +1 steam dragon scales (worn)
 I - a +2 robe of cold resistance
 J - a +0 kite shield (worn)
Jewellery
 a - a ring of ice
 e - an amulet of regeneration (around neck)
 h - a ring of see invisible (left hand)
 i - a ring of magical power (right hand)
 l - a +6 ring of dexterity
 A - an amulet of reflection
 D - a ring of wizardry
Wands
 b - a wand of acid (14)
 y - a wand of polymorph (7)
 E - a wand of paralysis (3)
Scrolls
 j - 4 scrolls of teleportation
 n - 5 scrolls of amnesia
 B - 3 scrolls of magic mapping
 G - a scroll of fog
Potions
 d - a potion of berserk rage
 g - 5 potions of heal wounds
 o - 6 potions of mutation
 q - 5 potions of haste
 s - 4 potions of curing
 t - 3 potions of magic
 u - 2 potions of invisibility
 v - a potion of brilliance {unknown}
 w - a potion of might {unknown}
 x - 2 potions of resistance
 z - 2 potions of flight


   Skills:
 + Level 1.9 Fighting
 + Level 2.8 Maces & Flails
 * Level 3.5 Armour
 + Level 3.6 Dodging
 - Level 2.1 Stealth
 + Level 0.1 Shields
 * Level 10.5 Spellcasting
 * Level 8.4 Conjurations
 * Level 10.9 Fire Magic
 * Level 4.2 Earth Magic


You had 20 spell levels left.
You knew the following spells:

 Your Spells              Type           Power      Damage    Failure   Level
a - Foxfire               Conj/Fire      100%       2x1d9     1%          1
b - Scorch                Fire           100%       2d10      1%          2
c - Conjure Flame         Conj/Fire      49%        6-21      1%          3
d - Flame Wave            Conj/Fire      49%        3d9       2%          4
e - Sandblast             Erth           54%        2d13      2%          1

Your spell library contained the following spells:

 Spells                   Type           Power      Damage    Failure   Level
 Dazzling Flash           Conj/Hex       54%        N/A       7%          3
 Inner Flame              Hex/Fire       32%        N/A       4%          3
 Corpse Rot               Necr/Air       N/A        N/A       56%         2
 Ensorcelled Hibernation  Hex/Ice        20%        N/A       56%         2
 Gell's Gravitas          Tloc           5%         N/A       80%         3
 Spider Form              Tmut/Pois      5%         N/A       80%         3
 Teleport Other           Tloc           10%        N/A       80%         3
 Dispel Undead            Necr           10%        3d9       99%         4
 Death Channel            Necr           5%         N/A       100%        6
 Dispersal                Tloc           5%         N/A       100%        6


Dungeon Overview and Level Annotations

Branches:
Dungeon (9/15)             Temple (1/1) D:6            Lair (4/6) D:9
  Swamp (0/4) Lair:2        Sewer (visited)
  Snake: Lair:2-4    Spider: Lair:2-4       Orc: D:9-12

Altars:
Ashenzari
Cheibriados
Dithmenos
Elyvilon
Fedhas
Gozag
Hepliaklqana
Kikubaaqudgha
Makhleb
Nemelex Xobeh
Okawaru
Ru
Sif Muna
Trog
Uskayaw
Vehumet
Wu Jian
Xom
Yredelemnul
Zin
The Shining One

Shops:
D:7 =*

Annotations:
Lair:1 2 runed translucent doors, MeltyBlood's ghost, journeyman GnWr
Lair:2 exclusion: 2 oklob plants


Innate Abilities, Weirdness & Mutations

You are immune to sickness and miasma.
Your stone body is resilient. (AC +8)
You are immune to poison.
You resist negative energy. (rN+)
You are resistant to electric shocks. (rElec)
You are resistant to unholy torment.
You are immune to petrification.


Message History

Casting: Scorch (safe; 1% risk of failure)
Confirm with . or Enter, or press ? or * to list all spells.
Okay, then.
Casting: Scorch (safe; 1% risk of failure)
Confirm with . or Enter, or press ? or * to list all spells.
Casting: Flame Wave (dangerous; 2% risk of failure)
Press: ? - help, Dir - look around, f - activate A wave of flame ripples out!
The tree burns like a torch! (Press . to intensify the flame waves.) Unknown command.
The forest fire spreads!
You start resting.
Magic restored.
Casting: Flame Wave (dangerous; 2% risk of failure)
Confirm with . or Enter, or press ? or * to list all spells.
You can't see any susceptible monsters within range! (Use Z to cast anyway.)
Casting: Flame Wave (dangerous; 2% risk of failure)
Confirm with . or Enter, or press ? or * to list all spells.
Casting: Flame Wave (dangerous; 2% risk of failure)
Press: ? - help, Dir - look around, f - activate A wave of flame ripples out!
The tree burns like a torch! (Press . to intensify the flame waves.) Unknown command.
A wave of flame ripples out!
The tree burns like a torch!
The oklob plant spits acid at you. The splash of acid hits you.
The forest fire spreads!
A wave of flame ripples out!
The tree burns like a torch!
The flame wave engulfs the oklob plant.
The oklob plant is lightly damaged.
The flame wave engulfs the oklob plant!
The oklob plant is moderately damaged.
You finish channelling waves of flame.
You are engulfed in blazing flames.
The forest fire spreads! x2
You are engulfed in blazing flames.
The forest fire spreads!
You are engulfed in blazing flames.
* * * LOW HITPOINT WARNING * * *
The oklob plant is engulfed in blazing flames.
The oklob plant spits acid at you. The splash of acid hits you!!
You die...

####...#####...#####.#.#
# #...#.##.....#P#....#
# #...††..............##
# #....................#
# ##.....§§§§§§♣♣.....##
# #....##♣§§§§§§§♣♣♣...#
# #P...# ♣§§§§§§§♣♣♣...#
# #P...♣ ♣§§§§.§§♣♣....#
# #P...# ♣P§§§§@§♣.♣...#
##..#♣ ♣§§§§§§§♣.♣.P##
♣§§§§§§§§♣♣.##
♣§§§P§§§♣.♣##
♣§§♣♣♣♣♣♣.♣♣ #♣♣ ♣♣♣


You could see 2 oklob plants.

Vanquished Creatures
  A two-headed ogre (D:9)
  A bog body (Lair:2)
  A black mamba (Lair:4)
  Joseph (D:7)
  4 cane toads
  A kobold demonologist (D:9)
  2 komodo dragons
  A hornet (D:8)
  A troll (D:9)
  Prince Ribbit (D:8)
  A wraith (D:9)
  15 yaks
  A wyvern (D:9)
  Eustachio (D:6)
  A steam dragon (D:9)
  A basilisk (Lair:4)
  3 vampire mosquitoes (D:8)
  6 water moccasins
  3 ice beasts
  3 black bears
  2 orc warriors
  4 necrophages
  2 ogres (D:6)
  A sky beast (D:7)
  2 wolves (D:9)
  A centaur (D:4)
  2 phantoms (D:5)
  5 kobold brigands
  7 bullfrogs
  A scorpion (D:4)
  4 killer bees (D:9)
  A wight (D:8)
  3 howler monkeys
  4 centaur zombies
  A jelly (D:6)
  6 hounds
  7 orc priests
  A bullfrog skeleton (D:5)
  Terence (D:3)
  2 iguanas
  4 orc wizards
  2 hound skeletons
  3 gnolls (D:6)
  11 adders
  A shadow imp (D:7)
  An ufetubus (D:5)
  A dart slug (D:1)
  2 worms
  12 orcs
  12 ball pythons
  3 endoplasms
  8 giant cockroaches
  5 goblins
  8 hobgoblins
  39 kobolds
  6 quokkas
  6 bats
  4 frilled lizards
  8 rats
242 creatures vanquished.

Vanquished Creatures (collateral kills)
  9 foxfires
9 creatures vanquished.

Vanquished Creatures (others)
  883 foxfires
  3 fungi
  A plant (Sewer)
887 creatures vanquished.

Grand Total: 1138 creatures vanquished

Notes
Turn   | Place    | Note
-------+----------+-------------------------------------------
     0 | D:1      | funkygono the Gargoyle Fire Elementalist began the quest
                  | for the Orb.
     0 | D:1      | Reached XP level 1. HP: 10/10 MP: 3/3
   318 | D:1      | Reached XP level 2. HP: 15/15 MP: 0/5
   376 | D:1      | Noticed a great orb of eyes
   378 | D:1      | Found a faded altar of an unknown god.
   382 | D:1      | Learned a level 2 spell: Scorch
   383 | D:1      | Noticed a golden eye
   383 | D:1      | Noticed a great orb of eyes
   383 | D:1      | Noticed a shining eye
  1129 | D:2      | Reached XP level 3. HP: 19/19 MP: 4/6
  1134 | D:2      | Learned a level 3 spell: Conjure Flame
  1354 | D:2      | Reached XP level 4. HP: 24/24 MP: 4/7
  2095 | D:3      | Noticed Terence
  2103 | D:3      | Killed Terence
  2250 | D:3      | Reached XP level 5. HP: 28/28 MP: 4/9
  2638 | D:3      | Found a bloodstained altar of Trog.
  3240 | D:4      | Noticed a necrophage
  3248 | D:4      | Killed a necrophage
  3249 | D:4      | Reached skill level 5 in Fire Magic
  3249 | D:4      | Reached XP level 6. HP: 32/32 MP: 3/11
  3263 | D:4      | Identified the +6 mace of Blood-Lust {pain, rPois rC++
                  | Str+4 Dex-5}
  3273 | D:4      | Found a glowing drain.
  3369 | Sewer    | Entered a sewer
  3492 | Sewer    | Learned a level 4 spell: Flame Wave
  3841 | Sewer    | Reached XP level 7. HP: 22/36 MP: 4/13
  3995 | D:4      | Found a white marble altar of Elyvilon.
  4105 | D:4      | Identified the +6 hand axe of the Yoke {spect, *Rage}
  4375 | D:5      | Entered Level 5 of the Dungeon
  4383 | D:4      | Reached skill level 1 in Maces & Flails
  4591 | D:5      | Reached XP level 8. HP: 42/42 MP: 2/15
  4716 | D:5      | Reached skill level 5 in Spellcasting
  4716 | D:5      | Reached skill level 5 in Conjurations
  5565 | D:6      | Found a staircase to the Ecumenical Temple.
  5576 | Temple   | Entered the Ecumenical Temple
  5661 | Temple   | Became a worshipper of Vehumet
  5829 | D:6      | Reached XP level 9. HP: 34/46 MP: 1/18
  6066 | D:6      | Found an ancient bone altar of Kikubaaqudgha.
  6111 | D:6      | Noticed Eustachio
  6268 | D:6      | Killed Eustachio
  6626 | D:6      | Found a hazy altar of Hepliaklqana.
  7157 | D:7      | Found a basalt altar of Yredelemnul.
  7197 | D:7      | Found Panuf's Assorted Antiques.
  7246 | D:7      | Found Isto's Jewellery Boutique.
  7363 | D:7      | Noticed Joseph
  7372 | D:7      | Killed Joseph
  7373 | D:7      | Reached skill level 1 in Fighting
  8086 | D:8      | Reached XP level 10. HP: 45/52 MP: 9/22
  8285 | D:8      | Reached * piety under Vehumet
  8285 | D:8      | Offered knowledge of Sandblast by Vehumet.
  8684 | D:8      | Noticed Prince Ribbit
  8693 | D:8      | Killed Prince Ribbit
  8960 | D:8      | Learned a level 1 spell: Sandblast
  9212 | D:9      | Found a staircase to the Lair.
  9292 | D:9      | Reached ** piety under Vehumet
  9292 | D:9      | Offered knowledge of Poisonous Vapours by Vehumet.
  9293 | D:9      | Reached skill level 1 in Earth Magic
  9646 | D:9      | Noticed a kobold demonologist
  9655 | D:9      | Noticed a smoke demon
  9702 | D:9      | Killed a kobold demonologist
  9878 | D:9      | Identified the +0 rapier of Eternal Vigilance {flame,
                  | rCorr}
  9958 | D:9      | Noticed a two-headed ogre
  9964 | D:9      | Killed a two-headed ogre
  9965 | D:9      | Reached skill level 10 in Fire Magic
 10521 | Lair:1   | Entered Level 1 of the Lair of Beasts
 10526 | Lair:1   | Noticed a cane toad
 10537 | Lair:1   | Killed a cane toad
 10538 | Lair:1   | Reached XP level 11. HP: 40/56 MP: 13/24
 10559 | D:9      | Reached skill level 1 in Armour
 10790 | Lair:1   | Offered knowledge of Dazzling Flash by Vehumet.
 10943 | Lair:1   | Identified the +6 broad axe of Yloymat {vorpal, rElec Will-
                  | Str+4 Dex+2}
 11011 | Lair:1   | Reached skill level 10 in Spellcasting
 11462 | Lair:1   | Found a large runed translucent door.
 11462 | Lair:1   | Found a large runed translucent door.
 11467 | Lair:1   | Noticed MeltyBlood's ghost (journeyman GnWr)
 11709 | Lair:2   | Reached *** piety under Vehumet
 11739 | Lair:2   | You fall into a shaft and drop 2 floors!
 12130 | Lair:2   | Found a staircase to the Swamp.
 12131 | Lair:2   | Noticed a bog body
 12138 | Lair:2   | Killed a bog body
 12188 | Lair:2   | Found a blossoming altar of Fedhas.
 12191 | Lair:2   | Noticed an oklob plant
 12191 | Lair:2   | Noticed an oklob plant
 12258 | Lair:2   | Killed from afar by an oklob plant

Illustrated notes

Levels and vault maps discovered:
D:1:      dpeg_arrival_shelter, layout_basic,
          hellmonk_ecumenical_altar_watching_god, due_unseen_surprise
D:2:      layout_basic, st_stairs_13, minmay_cut_off
D:3:      layout_rooms, overflow_temple_1_default, serial_rivers,
          chequers_serial_rivers_small_3, chequers_serial_rivers_micro_a,
          chequers_serial_rivers_room_b, chequers_serial_rivers_room_b,
          chequers_serial_rivers_micro_e, chequers_serial_rivers_micro_c,
          minmay_statues_item, grunt_decor_cap, uniq_terence
D:4:      layout_basic, amcnicky_altar_gilded, portal_sewer_entry_f
D:5:      layout_rooms, serial_glass, glass_columns_a, glass_columns_c,
          minmay_door_square, serial_bayou_pond_d
D:6:      layout_rooms, kennysheep_mini_moat, nicolae_overflow_crystal_walls,
          minmay_temple_entry_hall, uniq_eustachio
D:7:      layout_basic, lemuel_coloured_pillars_altar, serial_shops,
          nicolae_shop_statue_plus, shop, eino_tiny_chamber, uniq_joseph
D:8:      layout_rooms, kennysheep_generic_room_16, uniq_prince_ribbit1
D:9:      layout_basic, erik_lair_island
Temple:   nicolae_temple_elliptical
Lair:1:   layout_loops_ring, ebering_ghost_disaster_area
Lair:2:   layout_concentric_octagons, skrybe_swamp_entry_bodies,
          gauntlet_entry_generic, hangedman_tree_tricks,
          infiniplex_staircase_pool_2
Lair:3:   layout_regular_city, minmay_snake_entry_guardpost_medium,
          disabler_island, uniq_sonja
Lair:4:   layout_big_grid, grunt_megastairs_1

Skill      XL: |  1  2  3  4  5  6  7  8  9 10 11 |
---------------+----------------------------------+-----
Fire Magic     | 4 5 6 7 8 10 | 10.9
Conjurations   | 2 3 4 5 6 7 8 |  8.4
Spellcasting   | 3 4 6 8 9 10 | 10.5
Maces & Flails | 1 2 |  2.8
Dodging        | 2 3 |  3.6
Fighting       | 1 |  1.9
Earth Magic    | 2 4 |  4.2
Armour         | 3 |  3.5
Stealth        | |  2.1
Shields        | |  0.1

Action                   |  1- 3 |  4- 6 |  7- 9 | 10-12 || total
-------------------------+-------+-------+-------+-------++-------
Melee: Unarmed           |     2 |       |       |       ||     2
       Club              |     9 |     4 |       |       ||    13
       Whip              |       |     4 |       |       ||     4
       Mace              |       |    19 |    58 |    85 ||   162
 Cast: Foxfire           |    49 |   128 |   140 |   197 ||   514
       Scorch            |     1 |     9 |    53 |    62 ||   125
       Flame Wave        |       |       |     1 |    11 ||    12
       Conjure Flame     |       |       |       |     1 ||     1
  Use: Scroll            |     2 |     5 |     3 |    11 ||    21
Armor: Robe              |     4 |    26 |   111 |    33 ||   174
       Steam dragon scal |       |       |       |    82 ||    82
Dodge: Dodged            |    17 |    34 |   127 |   107 ||   285
Block: Kite shield       |       |       |       |    17 ||    17

Table legend: (Time is in decaauts)
 A = Elapsed time spent in this place.
 B = Non-inter-level travel time spent in this place.
 C = Inter-level travel time spent in this place.
 D = Time resting spent in this place.
 E = Time spent auto-exploring this place.
 F = Levels seen in this place.
 G = Mean time per level.
                   A        B        C        D        E       F      G
               +--------+--------+--------+--------+--------+-----+--------+
         Total |  12363 |  11976 |    387 |    572 |   9233 |  15 |  824.2 |
       Dungeon |   9872 |   9560 |    312 |    527 |   7373 |   9 | 1096.9 |
        Temple |    227 |    200 |     27 |      0 |    179 |   1 |  227.0 |
          Lair |   1634 |   1586 |     48 |     45 |   1185 |   4 |  408.5 |
         Sewer |    628 |    628 |      0 |      0 |    494 |   1 |  628.0 |
               +--------+--------+--------+--------+--------+-----+--------+

Top non-repeatable levels by time:
     D:9: 1556 daAuts
     D:7: 1453 daAuts
     D:1: 1100 daAuts
     D:8: 1017 daAuts
     D:6: 1006 daAuts
     D:3: 980 daAuts
  Lair:1: 974 daAuts
     D:2: 946 daAuts
     D:5: 939 daAuts
     D:4: 870 daAuts
   Sewer: 628 daAuts
  Lair:2: 354 daAuts
  Lair:4: 296 daAuts
  Temple: 227 daAuts
  Lair:3: 8 daAuts
